 Dungeon Crawl Stone Soup version 0.31-a0-702-gf82c85558f (webtiles) character file.

Game seed: 553904002043914048

1349 qw the Skirmisher (level 8, -3/49 HPs)
             Began as a Gargoyle Hunter on Sept 8, 2023.
             Was a Follower of Okawaru.
             Killed by divine providence
             ... invoked by Jeremiah
              (10 damage)
             ... on level 7 of the Dungeon.
             The game lasted 00:01:44 (5216 turns).

qw the Skirmisher (Gargoyle Hunter)                 Turns: 5216, Time: 00:01:44

Health: -3/49      AC: 11    Str: 15    XL:     8   Next: 63%
Magic:  8/9        EV: 20    Int: 10    God:    Okawaru [*.....]
Gold:   261        SH:  0    Dex: 15    Spells: 7/7 levels left

rFire   . . .        j - +2 sling (heavy)
rCold   . . .        (no shield)
rNeg    + . .        o - +0 troll leather armour
rPois   inf          (no helmet)
rElec   +            p - +0 cloak
rCorr   .            (no gloves)
SInv    +            (no boots)
Will    .....        (no amulet)
Stlth   +++          k - +5 ring of evasion
HPRegen 1.08/turn    e - ring of see invisible
MPRegen 0.11/turn

%: no passive effects
@: about to teleport, heroic
A: sickness immunity, AC +5, negative energy resistance 1, electricity
resistance, torment resistance 1, petrification resistance
a: Renounce Religion, Heroism


You were on level 7 of the Dungeon.
You worshipped Okawaru.
Okawaru was aware of your devotion.
You visited 2 branches of the dungeon, and saw 8 of its levels.

You collected 381 gold pieces.
You spent 120 gold pieces at shops.


Innate Abilities, Weirdness & Mutations

You are immune to sickness and miasma.
Your stone body is resilient. (AC +5)
You are immune to poison.
You resist negative energy. (rN+)
You are resistant to electric shocks. (rElec)
You are resistant to unholy torment.
You are immune to petrification.


   Skills:
 - Level 5.1(10.1) Fighting
 + Level 8.6(13.6) Ranged Weapons
 - Level 4.0(9.0) Armour
 - Level 2.4(7.4) Dodging
 - Level 1.1(6.1) Stealth
 + Level 2.6 Invocations


You had 7 spell levels left.
You didn't know any spells.
Your spell library was empty.

Inventory:

Hand Weapons
 j - a +2 heavy sling (weapon)
Armour
 o - a +0 troll leather armour (worn)
 p - a +0 cloak (worn)
Jewellery
 e - a ring of see invisible (right hand)
 k - a +5 ring of evasion (left hand)
Scrolls
 c - a scroll of identify
 i - a scroll of teleportation
Potions
 b - 2 potions of haste
 d - 2 potions of might
 f - 3 potions of curing
 h - 3 potions of mutation
 l - a potion of berserk rage {unknown}
 m - 4 potions of enlightenment

Dungeon Overview and Level Annotations

Branches:
Dungeon (7/15)             Temple (1/1) D:5

Altars:
Ashenzari
Cheibriados
Dithmenos
Gozag
Hepliaklqana
Kikubaaqudgha
Makhleb
Okawaru
Ru
Sif Muna
Trog
Uskayaw
Vehumet
Wu Jian
Xom
Yredelemnul
The Shining One

Shops:
D:1 :   D:3 :[!!*

Annotations:
D:4 1 runed translucent door, qw's ghost, amateur GrHu
D:7 Jeremiah


Message History

You shoot a sling bullet.
The sling bullet closely misses Jeremiah.
The sling bullet hits the butterfly!
You kill the butterfly!
The butterfly disappears in a burst of colours!
Jeremiah hits you from afar with a +3 trident of draining.
Jeremiah closely misses you.
Jeremiah hits you from afar with a +3 trident of draining!
Jeremiah throws their arms up pleadingly.
Something smites you!
5206 ||| INVOKING Heroism.
You gain the combat prowess of a mighty hero.
Jeremiah completely misses you.
The butterfly disappears in a burst of colours!
Jeremiah misses you.
Jeremiah shouts, "O dreadful one, destroy my foe!"
Something smites you!
Jeremiah hits you from afar with a +3 trident of draining.
The butterfly disappears in a burst of colours!
Jeremiah closely misses you. Jeremiah closely misses you.
The butterfly disappears in a burst of colours!
Jeremiah shouts, "O dreadful one, destroy my foe!"
Something smites you!
5213 ||| READING 2 scrolls of teleportation.
As you read the scroll of teleportation, it crumbles to dust.
You feel strangely unstable. Jeremiah hits you but does no damage.
The butterfly disappears in a burst of colours!
Jeremiah closely misses you.
You shoot a sling bullet. The sling bullet hits the butterfly!
You kill the butterfly!
The butterfly disappears in a burst of colours!
Jeremiah closely misses you.
The butterfly disappears in a burst of colours! x3
Jeremiah asks, "Where am I?
Why are you fighting me?"
Jeremiah cries, "Fearful master, protect me!"
Something smites you!
You die...
Jeremiah says, "O terrible one, your will is done." ### .b #.# Fb# #################bb##### ................@bbb.[b. ##################b###). .. ##

You could see Jeremiah.

Vanquished Creatures
  A troll (D:6)
  Grinder (D:3)
  A steam dragon (D:6)
  Pargi (D:3)
  A black bear (D:5)
  3 scorpions
  2 orc priests
  3 hounds
  2 jellies
  An iguana (D:5)
  Terence (D:3)
  2 orc wizards
  4 adders
  2 shadow imps (D:6)
  3 white imps
  4 dart slugs
  15 orcs
  3 bats
  7 endoplasms
  5 giant cockroaches
  6 goblins
  5 hobgoblins
  6 kobolds
  3 quokkas
  12 ball pythons
  10 rats
104 creatures vanquished.

Vanquished Creatures (others)
  An adder (D:6)
1 creature vanquished.

Grand Total: 105 creatures vanquished

Notes
Turn   | Place    | Note
-------+----------+-------------------------------------------
     0 | D:1      | qw the Gargoyle Hunter began the quest for the Orb.
     0 | D:1      | Reached XP level 1. HP: 12/12 MP: 1/1
     0 | D:1      | 0 ||| qw: Version: 0.3-a-76-g4403597
     0 | D:1      | 0 ||| qw: Game counter: 1174
     0 | D:1      | 0 ||| qw: Melee chars always use a shield: true
     0 | D:1      | 0 ||| qw: God list: Okawaru
     0 | D:1      | 0 ||| qw: Allow faded altars: false
     0 | D:1      | 0 ||| qw: Do Orc after clearing Dungeon:15 true
     0 | D:1      | 0 ||| qw: Do second Lair branch before Depths: true
     0 | D:1      | 0 ||| qw: Lair rune preference: random
     0 | D:1      | 0 ||| qw: Goals: Normal
     0 | D:1      | 0 ||| PLANNING D:1-11
   112 | D:1      | Reached XP level 2. HP: 17/17 MP: 2/2
   126 | D:1      | Found Fupufin's Book Shop.
   140 | D:1      | 140 ||| DROPPING scroll of butterflies.
   527 | D:1      | Reached XP level 3. HP: 21/21 MP: 3/3
   829 | D:2      | Reached skill level 5 in Ranged Weapons
   965 | D:2      | 965 ||| SWAPPING to +2 heavy sling.
   966 | D:2      | 966 ||| DROPPING +0 shortbow.
  1223 | D:2      | Reached skill level 3 in Fighting
  1223 | D:2      | Reached XP level 4. HP: 28/28 MP: 4/4
  1682 | D:2      | 1682 ||| UPGRADING to +0 ring mail.
  1692 | D:2      | 1692 ||| DROPPING +0 leather armour.
  1693 | D:2      | 1693 ||| UPGRADING to +5 ring of evasion.
  1694 | D:2      | 1694 ||| READING scroll labelled LESAMA MAFIT.
  1698 | D:2      | 1698 ||| READING scroll labelled ENI XOPSAY.
  1699 | D:2      | 1699 ||| READING scroll labelled SEATHE NEXZAKK.
  1700 | D:2      | 1700 ||| DRINKING 3 yellow potions.
  1718 | D:3      | 1718 ||| STAIRDANCE
  1896 | D:3      | Noticed Terence
  1901 | D:3      | Killed Terence
  1902 | D:3      | Reached skill level 1 in Armour
  2019 | D:3      | Noticed Pargi
  2026 | D:3      | Killed Pargi
  2027 | D:3      | Reached skill level 6 in Ranged Weapons
  2027 | D:3      | Reached XP level 5. HP: 23/32 MP: 5/5
  2085 | D:3      | Found Wesyc's Distillery.
  2094 | D:3      | 2094 ||| SHOPLISTING 2 potions of mutation (160 gold, have
                  | 128).
  2094 | D:3      | 2094 ||| BUYING potion of curing (30 gold).
  2094 | D:3      | Bought a potion of curing for 30 gold pieces
  2094 | D:3      | 2094 ||| BUYING potion of enlightenment (50 gold).
  2094 | D:3      | Bought a potion of enlightenment for 50 gold pieces
  2094 | D:3      | 2094 ||| BUYING potion of might (40 gold).
  2094 | D:3      | Bought a potion of might for 40 gold pieces
  2094 | D:3      | 2094 ||| SHOPLISTING potion of mutation (80 gold, have 8).
  2100 | D:3      | Found Qygeudynt's Distillery.
  2108 | D:3      | 2108 ||| SHOPLISTING 2 potions of heal wounds (120 gold,
                  | have 8).
  2108 | D:3      | 2108 ||| SHOPLISTING potion of haste (120 gold, have 8).
  2108 | D:3      | 2108 ||| SHOPLISTING potion of might (48 gold, have 8).
  2108 | D:3      | 2108 ||| SHOPLISTING potion of mutation (96 gold, have 8).
  2122 | D:3      | HP: 7/32 [orc/+0 flail (2)]
  2124 | D:3      | Reached XP level 6. HP: 9/37 MP: 6/6
  2257 | D:3      | Found Yprumez's General Store.
  2262 | D:3      | 2262 ||| SHOPLISTING scroll of enchant armour (97 gold,
                  | have 19).
  2262 | D:3      | 2262 ||| SHOPLISTING scroll of teleportation (39 gold, have
                  | 19).
  2297 | D:3      | Found Enyeffux's Antique Armour Shoppe.
  2306 | D:3      | 2306 ||| SHOPLISTING cloak (90 gold, have 41).
  2306 | D:3      | 2306 ||| SHOPLISTING shiny ring mail (140 gold, have 41).
  2355 | D:3      | Found Bagga's Book Boutique.
  2425 | D:3      | Noticed Grinder
  2426 | D:3      | Paralysed by Grinder for 3 turns
  2432 | D:3      | Paralysed by Grinder for 2 turns
  2435 | D:3      | 2435 ||| FLEEEEING.
  2441 | D:3      | 2441 ||| FLEEEEING.
  2442 | D:3      | 2442 ||| FLEEEEING.
  2448 | D:3      | 2448 ||| FLEEEEING.
  2449 | D:3      | 2449 ||| FLEEEEING.
  2450 | D:3      | 2450 ||| FLEEEEING.
  2451 | D:3      | 2451 ||| FLEEEEING.
  2452 | D:3      | 2452 ||| FLEEEEING.
  2453 | D:3      | 2453 ||| FLEEEEING.
  2454 | D:3      | 2454 ||| FLEEEEING.
  2455 | D:3      | 2455 ||| FLEEEEING.
  2456 | D:3      | 2456 ||| FLEEEEING.
  2457 | D:3      | 2457 ||| FLEEEEING.
  2459 | D:3      | 2459 ||| FLEEEEING.
  2460 | D:3      | 2460 ||| FLEEEEING.
  2461 | D:3      | 2461 ||| FLEEEEING.
  2462 | D:3      | 2462 ||| FLEEEEING.
  2463 | D:3      | 2463 ||| FLEEEEING.
  2464 | D:3      | 2464 ||| FLEEEEING.
  2465 | D:3      | 2465 ||| FLEEEEING.
  2466 | D:3      | 2466 ||| FLEEEEING.
  2480 | D:3      | Paralysed by Grinder for 3 turns
  2486 | D:3      | 2486 ||| FLEEEEING.
  2486 | D:3      | Paralysed by Grinder for 5 turns
  2487 | D:3      | HP: 7/38 [Grinder/puff of flame (6)]
  2493 | D:3      | Paralysed by Grinder for 2 turns
  2495 | D:3      | Killed Grinder
  2496 | D:3      | Reached skill level 7 in Ranged Weapons
  2496 | D:3      | Reached XP level 7. HP: 11/43 MP: 7/7
  2926 | D:3      | 2926 ||| UPGRADING to +3 ring mail.
  2936 | D:3      | 2936 ||| DROPPING +0 ring mail.
  2937 | D:3      | 2937 ||| READING 2 scrolls labelled GEISTE LUTIMAU.
  2938 | D:3      | 2938 ||| READING 4 scrolls of identify.
  2938 | D:3      | 2938 ||| IDENTIFYING clear potion
  2939 | D:3      | 2939 ||| READING 3 scrolls of identify.
  2939 | D:3      | 2939 ||| IDENTIFYING glowing orange potion
  2940 | D:3      | 2940 ||| READING 2 scrolls of identify.
  2940 | D:3      | 2940 ||| IDENTIFYING blue potion
  2941 | D:3      | 2941 ||| DROPPING potion of attraction.
  2942 | D:3      | 2942 ||| DROPPING potion of brilliance.
  2943 | D:3      | 2943 ||| DROPPING scroll of noise.
  3182 | D:4      | Found a runed translucent door.
  3182 | D:4      | Noticed qw's ghost (amateur GrHu)
  3434 | D:4      | 3434 ||| DROPPING ring of wizardry.
  3435 | D:4      | 3435 ||| UPGRADING to ring of see invisible.
  3436 | D:4      | 3436 ||| READING scroll labelled BATEUF YXU ZIULE.
  3453 | D:5      | Entered Level 5 of the Dungeon
  3458 | D:5      | 3458 ||| STAIRDANCE
  3505 | D:5      | Found a staircase to the Ecumenical Temple.
  3506 | D:5      | 3506 ||| PLANNING TEMPLE
  3514 | Temple   | Entered the Ecumenical Temple
  3515 | Temple   | 3515 ||| PLANNING OKAWARU WORSHIP
  3533 | Temple   | Became a worshipper of Warmaster Okawaru
  3534 | Temple   | 3534 ||| PLANNING D:1-11
  3575 | D:5      | Reached skill level 8 in Ranged Weapons
  3621 | D:5      | 3621 ||| Stepping ~*~*~tactically~*~*~ (outnumbered).
  3623 | D:5      | 3623 ||| Stepping ~*~*~tactically~*~*~ (outnumbered).
  4202 | D:5      | Reached XP level 8. HP: 49/49 MP: 8/8
  4228 | D:5      | 4228 ||| UPGRADING to +0 cloak.
  4233 | D:5      | 4233 ||| READING scroll labelled JAWNEGIETA.
  4250 | D:6      | Noticed a troll
  4261 | D:6      | Killed a troll
  4261 | D:6      | Reached * piety under Okawaru
  4262 | D:6      | 4262 ||| STAIRDANCE
  4348 | D:6      | Found a shadowy altar of Dithmenos.
  4455 | D:6      | 4455 ||| INVOKING Heroism.
  4458 | D:6      | 4458 ||| Stepping ~*~*~tactically~*~*~ (cloud).
  4463 | D:6      | Reached skill level 1 in Invocations
  5130 | D:6      | 5130 ||| UPGRADING to +0 troll leather armour.
  5140 | D:6      | 5140 ||| DROPPING +3 ring mail.
  5141 | D:6      | 5141 ||| READING scroll labelled WEB URROUMN.
  5142 | D:6      | 5142 ||| READING scroll labelled OGHOROMOQIFF.
  5143 | D:6      | 5143 ||| READING scroll labelled XYIS ZOSHU.
  5144 | D:6      | 5144 ||| READING 3 scrolls of identify.
  5144 | D:6      | 5144 ||| IDENTIFYING black potion
  5145 | D:6      | 5145 ||| READING 2 scrolls of identify.
  5145 | D:6      | 5145 ||| IDENTIFYING bubbling blue potion
  5146 | D:6      | 5146 ||| DROPPING potion of invisibility.
  5147 | D:6      | 5147 ||| DROPPING potion of lignification.
  5200 | D:7      | Noticed Jeremiah
  5206 | D:7      | 5206 ||| INVOKING Heroism.
  5212 | D:7      | HP: 3/49 [Jeremiah/divine providence (16)]
  5213 | D:7      | 5213 ||| READING 2 scrolls of teleportation.
  5216 | D:7      | Killed from afar by Jeremiah

Levels and vault maps discovered:
D:1:      onia_arrival_pyramid, layout_loops_ring, serial_shops, shop
D:2:      layout_basic
D:3:      layout_loops_corners, serial_shops, shop, shop,
          nicolae_shop_dealshenge, nicolae_shop_tiny_statue_garden,
          nicolae_shop_statue_plus, chequers_serial_rivers_micro_e,
          uniq_terence, uniq_pargi, uniq_grinder
D:4:      layout_rooms, gammafunk_ghost_grave
D:5:      layout_basic, minmay_temple_entry_grid, chequers_decorated_corner
D:6:      layout_basic, nicolae_dithmenos_the_darkroom,
          chequers_serial_rivers_room_b
D:7:      layout_basic, nicolae_underground_beach, uniq_joseph, uniq_jeremiah
Temple:   nicolae_temple_slightly_damp_pantheon

Skill      XL: |  1  2  3  4  5  6  7  8 |
---------------+-------------------------+-----
Ranged Weapons | 5 6 7 8 |  8.6
Fighting       | 3 4 5 |  5.1
Armour         | 1 4 |  4.0
Dodging        | 2 |  2.4
Invocations    | 2 |  2.6
Stealth        | |  1.1

Action                     |  1- 3 |  4- 6 |  7- 9 || total
---------------------------+-------+-------+-------++-------
   Fire: Shortbow          |    74 |       |       ||    74
         Sling             |    16 |    97 |   142 ||   255
 Invoke: Heroism           |       |       |     2 ||     2
    Use: Scroll            |       |     3 |    12 ||    15
         Potion            |       |     1 |       ||     1
 Armour: Leather armour    |    25 |     1 |       ||    26
         Ring mail         |       |    44 |    76 ||   120
         Troll leather arm |       |       |     4 ||     4
  Dodge: Dodged            |    19 |    67 |   116 ||   202

Table legend:
 A = Non-vault XP
 B = Vault XP
 C = Vault XP percentage of total XP
 D = Non-vault monster count
 E = Vault monster count
 F = Vault count percentage of total count
                 A         B        C        D         E       F
            +---------+---------+-------+---------+---------+-------
      Total |    1502 |     426 |  22.1 |     101 |       3 |   2.9
            +---------+---------+-------+---------+---------+-------
        D:1 |      35 |       0 |   0.0 |      21 |       0 |   0.0
        D:2 |      54 |       0 |   0.0 |      19 |       0 |   0.0
        D:3 |     120 |     426 |  78.0 |      21 |       3 |  12.5
        D:4 |     108 |       0 |   0.0 |      14 |       0 |   0.0
        D:5 |     528 |       0 |   0.0 |      13 |       0 |   0.0
        D:6 |     657 |       0 |   0.0 |      13 |       0 |   0.0
            +---------+---------+-------+---------+---------+-------
